ORI
UNIVERSITY OF MIAMI HURRICANES @ UNIVERSITY OF FLORIDA GATORS
12/14/2048
 
TOP OF THE 1ST
University of Miami Hurricanes batting - Pitching for University of Florida Gators : LHP Jorge Guadalupe
Pitching: LHP Jorge Guadalupe
Batting: LHB Hector Salazar 0-0: Ground out 5-3 (Groundball, 25, EV 90.6 MPH)
Batting: RHB Danny Gallardo 0-0: Ball
1-0: Ball
2-0: Ball
3-0: Called Strike
3-1: Ground out U3 (Groundball, 13, EV 81.2 MPH)
Batting: RHB Burke Miller 0-0: Foul Ball, location: 2F
0-1: Ball
1-1: Called Strike
1-2: Ball
2-2: Strikes out looking
Top of the 1st over - 0 runs, 0 hits, 0 errors, 0 left on base; University of Miami 0 - University of Florida 0
BOTTOM OF THE 1ST
University of Florida Gators batting - Pitching for University of Miami Hurricanes : RHP Javier Valverde
Pitching: RHP Javier Valverde
Batting: RHB Gong-sun Law 0-0: SINGLE (Groundball, 13S, EV 64.4 MPH) (infield hit)
Batting: RHB Lião Weishampt 0-0: Foul Ball, location: 2F
0-1: Ball
Gong-sun Law steals 2nd base
1-1: Foul Ball, location: 2F
1-2: Ball
2-2: Ball
3-2: SINGLE (Flyball, 78S, EV 92.5 MPH)
Gong-sun Law to third
Batting: RHB Robert Mason 0-0: Ball
1-0: Ball
2-0: Called Strike
2-1: Ball
3-1: Base on Balls
Lião Weishampt to second
Batting: SHB Nelson Carachure 0-0: Ball
1-0: Ball
2-0: Foul Ball, location: 2F
2-1: DOUBLE (Flyball, 8LXD, EV 92.5 MPH)
Gong-sun Law scores
Lião Weishampt scores
Robert Mason to third
Batting: RHB Luis Cabera 0-0: Ball
1-0: Called Strike
1-1: Ball
2-1: Ball
3-1: Base on Balls
Batting: RHB Danny Cisneros 0-0: Ball
1-0: Swinging Strike
1-1: Foul Ball, location: 2F
1-2: Strikes out swinging
Batting: LHB Dave Newsome 0-0: Called Strike
0-1: Foul Ball, location: 2F
0-2: Foul Ball, location: 2F
0-2: Ball
1-2: Foul Ball, location: 2F
1-2: Foul Ball, location: 2F
1-2: Ball
2-2: Fly out, F5 (Popup, 56S, EV 88.8 MPH)
Batting: RHB Manny Harrison 0-0: Ball
Passed Ball!
Robert Mason scores
Nelson Carachure to third
Luis Cabera to second
1-0: Foul Ball, location: 2F
1-1: Ball
2-1: Called Strike
2-2: Ground out 5-3 (Groundball, 56, EV 85.0 MPH)
Bottom of the 1st over - 3 runs, 3 hits, 0 errors, 2 left on base; University of Miami 0 - University of Florida 3
TOP OF THE 2ND
University of Miami Hurricanes batting - Pitching for University of Florida Gators : LHP Jorge Guadalupe
Batting: RHB Chris Zubia 0-0: Fly out, F9 (Flyball, 9LM, EV 91.9 MPH)
Batting: RHB Christian Leschak 0-0: Foul Ball, location: 2F
0-1: Foul Ball, location: 2F
0-2: Foul Ball, location: 2F
0-2: Strikes out swinging
Batting: SHB Taylor Shelton 0-0: Foul Ball, location: 2F
0-1: Swinging Strike
0-2: Strikes out swinging
Top of the 2nd over - 0 runs, 0 hits, 0 errors, 0 left on base; University of Miami 0 - University of Florida 3
BOTTOM OF THE 2ND
University of Florida Gators batting - Pitching for University of Miami Hurricanes : RHP Javier Valverde
Batting: LHB Juan Cadavid 0-0: Ball
1-0: Called Strike
1-1: Ball
2-1: Ball
3-1: Foul Ball, location: 2F
3-2: Fly out, F8 (Line Drive, 8RM, EV 88.8 MPH)
Batting: RHB Gong-sun Law 0-0: Called Strike
0-1: SINGLE (Line Drive, 3D, EV 103.8 MPH)
Batting: RHB Lião Weishampt 0-0: Called Strike
0-1: Ball
1-1: Foul Ball, location: 2F
1-2: Ball
2-2: SINGLE (Groundball, 56D, EV 100.0 MPH)
Gong-sun Law to second
Batting: RHB Robert Mason 0-0: Fly out, F7 (Flyball, 78M, EV 88.1 MPH)
Batting: SHB Nelson Carachure 0-0: Called Strike
0-1: Ball
1-1: Fly out, F8 (Flyball, 8LXD, EV 88.8 MPH)
Bottom of the 2nd over - 0 runs, 2 hits, 0 errors, 2 left on base; University of Miami 0 - University of Florida 3
TOP OF THE 3RD
University of Miami Hurricanes batting - Pitching for University of Florida Gators : LHP Jorge Guadalupe
Batting: RHB Alberto Arellano 0-0: Ball
1-0: Fly out, F7 (Flyball, 7, EV 78.1 MPH)
Batting: LHB Addergoole Kartosuwiryo 0-0: Ball
1-0: Foul Ball, location: 2F
1-1: Fly out, F7 (Flyball, 78S, EV 91.9 MPH)
Batting: RHB Drew Morgenstern 0-0: Ball
1-0: Ball
2-0: Foul Ball, location: 2F
2-1: Swinging Strike
2-2: Strikes out swinging
Top of the 3rd over - 0 runs, 0 hits, 0 errors, 0 left on base; University of Miami 0 - University of Florida 3
BOTTOM OF THE 3RD
University of Florida Gators batting - Pitching for University of Miami Hurricanes : RHP Javier Valverde
Batting: RHB Luis Cabera 0-0: DOUBLE (Line Drive, 9LD, EV 112.5 MPH)
Batting: RHB Danny Cisneros 0-0: Ball
1-0: Swinging Strike
1-1: Called Strike
1-2: Ball
2-2: Strikes out swinging
Batting: LHB Dave Newsome 0-0: Ball
1-0: SINGLE (Groundball, 4S, EV 66.2 MPH) (infield hit)
Luis Cabera to third
Batting: RHB Manny Harrison 0-0: Called Strike
0-1: Ball
1-1: Ball
2-1: Fly out, F9 (Flyball, 89D, EV 90.6 MPH)
Runner from 3rd tags up, SCORES, throw by RF
Batting: LHB Juan Cadavid 0-0: Called Strike
0-1: Called Strike
Dave Newsome is caught stealing 2nd base 2-6
Bottom of the 3rd over - 1 run, 2 hits, 0 errors, 0 left on base; University of Miami 0 - University of Florida 4
TOP OF THE 4TH
University of Miami Hurricanes batting - Pitching for University of Florida Gators : LHP Jorge Guadalupe
Batting: LHB Hector Salazar 0-0: Fly out, F9 (Flyball, 89M, EV 85.0 MPH)
Batting: RHB Danny Gallardo 0-0: Called Strike
0-1: Foul Ball, location: 2F
0-2: SINGLE (Groundball, 56S, EV 70.6 MPH) (infield hit)
Batting: RHB Burke Miller 0-0: Called Strike
0-1: Ball
1-1: Foul Ball, location: 2F
1-2: Ball
2-2: Foul Ball, location: 2F
2-2: Ball
3-2: Foul Ball, location: 2F
3-2: Base on Balls
Danny Gallardo to second
Batting: RHB Chris Zubia 0-0: Ball
1-0: Called Strike
1-1: Foul Ball, location: 2F
1-2: Ball
Wild Pitch!
Danny Gallardo to third
Burke Miller to second
2-2: Strikes out swinging
Batting: RHB Christian Leschak 0-0: Ball
1-0: Ball
2-0: Ball
3-0: Base on Balls
Batting: SHB Taylor Shelton 0-0: Foul Ball, location: 2F
0-1: Ball
1-1: Ground out 3-1 (Groundball, 34, EV 83.8 MPH)
Top of the 4th over - 0 runs, 1 hit, 0 errors, 3 left on base; University of Miami 0 - University of Florida 4
BOTTOM OF THE 4TH
University of Florida Gators batting - Pitching for University of Miami Hurricanes : RHP Javier Valverde
Batting: LHB Juan Cadavid 0-0: Foul Ball, location: 2F
0-1: Foul Ball, location: 2F
0-2: SINGLE (Line Drive, 89S, EV 95.6 MPH)
Batting: RHB Gong-sun Law 0-0: Called Strike
Juan Cadavid steals 2nd, throwing error, E2
Juan Cadavid to third
0-1: Called Strike
0-2: Ball
1-2: Fly out, F7 (Flyball, 7, EV 80.0 MPH)
Runner from 3rd tags up, SCORES, no throw by LF
Batting: RHB Lião Weishampt 0-0: Fly out, F7 (Flyball, 7, EV 98.1 MPH)
Batting: RHB Robert Mason 0-0: Ball
1-0: Foul Ball, location: 2F
1-1: Foul Ball, location: 2F
1-2: Strikes out looking
Bottom of the 4th over - 1 run, 1 hit, 1 error, 0 left on base; University of Miami 0 - University of Florida 5
TOP OF THE 5TH
University of Miami Hurricanes batting - Pitching for University of Florida Gators : LHP Jorge Guadalupe
Batting: RHB Alberto Arellano 0-0: Ball
1-0: Fly out, F3 (Line Drive, 3, EV 68.8 MPH)
Batting: LHB Addergoole Kartosuwiryo 0-0: Swinging Strike
0-1: Swinging Strike
0-2: Strikes out swinging
Batting: RHB Drew Morgenstern 0-0: Ball
1-0: Called Strike
1-1: Foul Ball, location: 2F
1-2: Reached on error, E4 (Groundball, 34, EV 85.0 MPH)
Batting: LHB Hector Salazar 0-0: Ball
1-0: Ground out U3 (Groundball, 3S, EV 84.4 MPH)
Top of the 5th over - 0 runs, 0 hits, 1 error, 1 left on base; University of Miami 0 - University of Florida 5
BOTTOM OF THE 5TH
University of Florida Gators batting - Pitching for University of Miami Hurricanes : RHP Javier Valverde
Pitching: RHP Terry Johnson
Batting: SHB Nelson Carachure 0-0: Ground out 5-3 (Groundball, 5, EV 85.6 MPH)
Batting: RHB Luis Cabera 0-0: SINGLE (Groundball, 34D, EV 103.1 MPH)
Batting: RHB Danny Cisneros 0-0: Ball
1-0: Ball
Pickoff Throw to First - Out! 1-3
2-0: Ball
3-0: Called Strike
3-1: Base on Balls
Batting: LHB Dave Newsome 0-0: Fly out, F7 (Flyball, 7S, EV 93.1 MPH)
Bottom of the 5th over - 0 runs, 1 hit, 0 errors, 1 left on base; University of Miami 0 - University of Florida 5
TOP OF THE 6TH
University of Miami Hurricanes batting - Pitching for University of Florida Gators : LHP Jorge Guadalupe
Pitching: RHP Dave Ross
Batting: RHB Danny Gallardo 0-0: Ball
1-0: Called Strike
1-1: Ball
2-1: Swinging Strike
2-2: Strikes out swinging
Batting: RHB Burke Miller 0-0: Ball
1-0: Foul Ball, location: 2F
1-1: Ball
2-1: DOUBLE (Flyball, 8RXD, EV 103.8 MPH)
Batting: RHB Chris Zubia 0-0: Called Strike
0-1: Ground out 6-3 (Groundball, 4MS, EV 92.5 MPH)
Burke Miller to third
Batting: RHB Christian Leschak 0-0: Called Strike
0-1: Ground out 5-3 (Groundball, 56S, EV 95.0 MPH)
Top of the 6th over - 0 runs, 1 hit, 0 errors, 1 left on base; University of Miami 0 - University of Florida 5
BOTTOM OF THE 6TH
University of Florida Gators batting - Pitching for University of Miami Hurricanes : RHP Terry Johnson
Batting: RHB Manny Harrison 0-0: SINGLE (Groundball, 56S, EV 95.0 MPH)
Batting: LHB Juan Cadavid 0-0: Swinging Strike
0-1: Called Strike
0-2: Ball
1-2: Ball
2-2: Strikes out swinging
Batting: RHB Gong-sun Law 0-0: Called Strike
0-1: Foul Ball, location: 2F
0-2: Ball
Manny Harrison is caught stealing 2nd base 2-4
1-2: Ball
2-2: Foul Ball, location: 2F
2-2: Strikes out swinging
Bottom of the 6th over - 0 runs, 1 hit, 0 errors, 0 left on base; University of Miami 0 - University of Florida 5
TOP OF THE 7TH
University of Miami Hurricanes batting - Pitching for University of Florida Gators : RHP Dave Ross
Batting: SHB Taylor Shelton 0-0: Called Strike
0-1: Called Strike
0-2: Strikes out swinging
Batting: RHB Alberto Arellano 0-0: Called Strike
0-1: Ball
1-1: Swinging Strike
1-2: SINGLE (Line Drive, 7S, EV 96.2 MPH)
Batting: LHB Addergoole Kartosuwiryo 0-0: Ball
1-0: Called Strike
1-1: Ball
2-1: Called Strike
2-2: Fly out, F8 (Flyball, 8LD, EV 89.4 MPH)
Batting: RHB Drew Morgenstern 0-0: Foul Ball, location: 2F
0-1: Ground out 6-3 (Groundball, 6S, EV 88.1 MPH)
Top of the 7th over - 0 runs, 1 hit, 0 errors, 1 left on base; University of Miami 0 - University of Florida 5
BOTTOM OF THE 7TH
University of Florida Gators batting - Pitching for University of Miami Hurricanes : RHP Terry Johnson
Batting: RHB Lião Weishampt 0-0: Swinging Strike
0-1: Foul Ball, location: 2F
0-2: Ball
1-2: Ball
2-2: Ball
3-2: Strikes out looking
Batting: RHB Robert Mason 0-0: SINGLE (Groundball, 5D, EV 102.5 MPH)
Batting: SHB Nelson Carachure 0-0: Called Strike
0-1: Foul Ball, location: 2F
Balk!
Robert Mason to second
0-2: Ball
1-2: Ground out 5-3 (Groundball, 15, EV 82.5 MPH)
Batting: RHB Luis Cabera 0-0: Hit by Pitch
Batting: RHB Danny Cisneros 0-0: Called Strike
0-1: Ball
Wild Pitch!
Robert Mason to third
Luis Cabera to second
1-1: Foul Ball, location: 2F
1-2: SINGLE (Line Drive, 89M, EV 99.4 MPH)
Robert Mason scores
Luis Cabera to third
Runner from 3rd tries for Home, throw by RF and OUT! 9-2
Bottom of the 7th over - 1 run, 2 hits, 0 errors, 1 left on base; University of Miami 0 - University of Florida 6
TOP OF THE 8TH
University of Miami Hurricanes batting - Pitching for University of Florida Gators : RHP Dave Ross
Batting: LHB Hector Salazar 0-0: Ball
1-0: Swinging Strike
1-1: Ball
2-1: Called Strike
2-2: Fly out, F4 (Popup, 4MD, EV 56.2 MPH)
Batting: RHB Danny Gallardo 0-0: Ball
1-0: Called Strike
1-1: Foul Ball, location: 2F
1-2: Ball
2-2: Foul Ball, location: 2F
2-2: Ball
3-2: Base on Balls
Pitching: LHP Adhamh Lubis
Batting: RHB Burke Miller 0-0: Called Strike
0-1: Swinging Strike
0-2: Ball
1-2: 2-RUN HOME RUN (Flyball, 7D, EV 98.1 MPH), Distance : 365 ft
Batting: RHB Chris Zubia 0-0: Ball
1-0: Ball
2-0: Called Strike
2-1: Ball
3-1: Foul Ball, location: 2F
3-2: Base on Balls
Batting: RHB Christian Leschak 0-0: Ball
1-0: Ball
2-0: Called Strike
2-1: Ball
3-1: Swinging Strike
3-2: Foul Ball, location: 2F
3-2: Foul Ball, location: 2F
3-2: Base on Balls
Chris Zubia to second
Batting: SHB Taylor Shelton 0-0: Called Strike
0-1: Foul Ball, location: 2F
0-2: Ball
1-2: Ball
2-2: Foul Ball, location: 2F
2-2: Foul Ball, location: 2F
2-2: Ball
3-2: Strikes out looking
Batting: RHB Alberto Arellano 0-0: Fielders Choice at 2nd, U4 (Groundball, 4M, EV 106.9 MPH)
Top of the 8th over - 2 runs, 1 hit, 0 errors, 2 left on base; University of Miami 2 - University of Florida 6
BOTTOM OF THE 8TH
University of Florida Gators batting - Pitching for University of Miami Hurricanes : RHP Terry Johnson
Pitching: RHP Wakina Olopoto
Batting: LHB Dave Newsome 0-0: Ground out 5-3 (Groundball, 56, EV 86.9 MPH)
Batting: RHB Manny Harrison 0-0: Ball
1-0: Called Strike
1-1: Ground out 4-3 (Groundball, 4, EV 85.6 MPH)
Batting: LHB Juan Cadavid 0-0: SINGLE (Line Drive, 5D, EV 99.4 MPH)
Batting: RHB Gong-sun Law 0-0: Foul Ball, location: 2F
0-1: Ball
1-1: Swinging Strike
1-2: Foul Ball, location: 2F
1-2: Ball
2-2: Ball
Pickoff Throw to First - Out! 1-3 CS
Bottom of the 8th over - 0 runs, 1 hit, 0 errors, 0 left on base; University of Miami 2 - University of Florida 6
TOP OF THE 9TH
University of Miami Hurricanes batting - Pitching for University of Florida Gators : LHP Adhamh Lubis
Pitching: LHP Michel Loiseau
Batting: LHB Addergoole Kartosuwiryo 0-0: Foul Ball, location: 2F
0-1: Swinging Strike
0-2: Ball
1-2: Ball
2-2: Foul Ball, location: 2F
2-2: Foul Ball, location: 2F
2-2: Fly out, F8 (Flyball, 78S, EV 91.2 MPH)
Batting: RHB Drew Morgenstern 0-0: Called Strike
0-1: Ball
1-1: Swinging Strike
1-2: DOUBLE (Line Drive, 89D, EV 98.8 MPH)
Batting: LHB Hector Salazar 0-0: SINGLE (Groundball, 4D, EV 95.6 MPH)
Drew Morgenstern to third
Batting: RHB Danny Gallardo 0-0: Ball
1-0: Called Strike
1-1: Swinging Strike
1-2: Ball
2-2: Strikes out looking
Batting: RHB Burke Miller 0-0: Ball
1-0: Foul Ball, location: 2F
1-1: Foul Ball, location: 2F
1-2: Ball
2-2: Ground out 5-3 (Groundball, 25, EV 81.9 MPH)
Top of the 9th over - 0 runs, 2 hits, 0 errors, 2 left on base; University of Miami 2 - University of Florida 6
Tuesday, March 28th , 2023 - OOTP Baseball 23.10 Build 110